 Dungeon Crawl Stone Soup version 0.21-a0-88-g13b9641 (webtiles) character file.

36 nikopol the Firebug (level 3, -1/19 HPs)
             Began as a Deep Elf Fire Elementalist on June 27, 2017.
             Killed from afar by Sigmund (11 damage)
             ... with a puff of flame
             ... on level 2 of the Dungeon.
             The game lasted 00:04:28 (949 turns).

nikopol the Firebug (Deep Elf Fire Elementalist)     Turns: 949, Time: 00:04:30

Health: -1/19      AC:  2    Str:  5    XL:     3   Next: 19%
Magic:  2/9        EV: 13    Int: 20    God:
Gold:   70         SH:  0    Dex: 15    Spells: 2/8 levels left

rFire    . . .     SeeInvis .   d - +0 dagger
rCold    . . .     Gourm    .   (no shield)
rNeg     . . .     Faith    .   a - +0 robe
rPois    .         Spirit   .   (no helmet)
rElec    .         Reflect  .   (no cloak)
rCorr    .         Harm     .   (no gloves)
MR       .....                  (no boots)
Stlth    ++........             (no amulet)
HPRegen  0.06/turn              (no ring)
MPRegen  0.11/turn              (no ring)

@: no status effects
A: no striking features
a: no special abilities


You were on level 2 of the Dungeon.
You were not hungry.

You visited 1 branch of the dungeon, and saw 2 of its levels.

You collected 70 gold pieces.

Inventory:

Hand Weapons
 d - a +0 dagger (weapon)
Armour
 a - a +0 robe (worn)
Jewellery
 i - an uncursed ring of ice {unknown}
Scrolls
 e - a scroll of identify {unknown}
 h - a scroll of blinking {unknown}
 m - 2 scrolls of remove curse {unknown}
Potions
 j - a potion of degeneration {unknown}
 l - a potion of heal wounds {unknown}
Books
 b - a book of Flames

   Spells                             Type                      Level
   a - Flame Tongue                   Conjuration/Fire             1
   b - Throw Flame                    Conjuration/Fire             2
   c - Conjure Flame                  Conjuration/Fire             3
   d - Inner Flame                    Hexes/Fire                   3
   e - Sticky Flame                   Conjuration/Fire             4
   f - Fireball                       Conjuration/Fire             5
Comestibles
 c - a bread ration
 f - 2 chunks of flesh
 g - 2 royal jellies
 k - a meat ration


   Skills:
 + Level 0.2 Fighting
 + Level 2.7 Dodging
 + Level 2.5 Stealth
 + Level 3.4 Spellcasting
 + Level 1.7 Conjurations
 + Level 4.0 Fire Magic


You had 2 spell levels left.
You knew the following spells:

 Your Spells              Type           Power        Failure   Level  Hunger
a - Flame Tongue          Conj/Fire      ##...        4%          1    None
b - Throw Flame           Conj/Fire      ##....       6%          2    ##.....
c - Conjure Flame         Conj/Fire      ##......     13%         3    ###....


Dungeon Overview and Level Annotations

Branches:
Dungeon (2/15)

Altars:

Annotations:
D:2 Sigmund


Message History

The flame tongue hits Sigmund.
Sigmund is moderately wounded.
Casting: Flame Tongue
Confirm with . or Enter, or press ? or * to list all spells.
Aiming: Flame Tongue
Press: ? - help, Shift-Dir - straight line, f/p - Sigmund
Aim: Sigmund, wielding a scythe and wearing a robe (moderately wounded)
The flame tongue hits Sigmund.
Sigmund is moderately wounded.
Casting: Flame Tongue
Confirm with . or Enter, or press ? or * to list all spells.
Aiming: Flame Tongue
Press: ? - help, Shift-Dir - straight line, f/p - Sigmund
Aim: Sigmund, wielding a scythe and wearing a robe (moderately wounded)
The flame tongue hits Sigmund.
Sigmund is heavily wounded.
Sigmund casts a spell at you. The puff of flame hits you!
Ouch! That really hurt!
You die...

.# # ##.# # #. ...#.#
#.##..#.# ...#.......
#@...$.@.# #ยง# ### #.#
#.# #@##.#.# #.#.# #.##
###.###..#####<#########
........###.............
########.##.##.##.##.#..
##.#.#.###.##.#..
##...## #.##.... ##.##
#.####.. #.# #.......


You could see Sigmund.

Vanquished Creatures
  An adder (D:2)
  A dart slug (D:1)
  2 goblins (D:1)
  5 hobgoblins (D:1)
  4 jackals (D:1)
  3 bats (D:1)
  A frilled lizard (D:1)
  4 kobolds (D:1)
  2 rats (D:1)
23 creatures vanquished.

Notes
Turn   | Place    | Note
-------+----------+-------------------------------------------
     0 | D:1      | nikopol the Deep Elf Fire Elementalist began the quest for the Orb.
     0 | D:1      | Reached XP level 1. HP: 10/10 MP: 6/6
   314 | D:1      | Reached XP level 2. HP: 15/15 MP: 1/8
   517 | D:1      | Learned a level 2 spell: Throw Flame
   708 | D:1      | Reached skill level 4 in Fire Magic
   913 | D:2      | Reached XP level 3. HP: 17/19 MP: 4/9
   918 | D:2      | Learned a level 3 spell: Conjure Flame
   940 | D:2      | Noticed Sigmund
   949 | D:2      | Killed from afar by Sigmund

Vault maps used:
D:1:      minmay_arrival_jagged
D:2:      yredelemnul_altar_generic, grunt_temple_overflow_open,
          grunt_decor_clamped, uniq_sigmund, uniq_jessica

Skill      XL: |  1  2 |
---------------+-------+-----
Fire Magic     | 4 |  4.0
Fighting       | |  0.2
Dodging        | |  2.7
Stealth        | |  2.5
Spellcasting   | |  3.4
Conjurations   | |  1.7

Action                   || total
-------------------------++-------
Melee: Dagger            ||     8
 Cast: Flame Tongue      ||    55
       Conjure Flame     ||     1
Armor: Robe              ||     7
Dodge: Dodged            ||    31
